AoeStats
← FahRenheiTTT

Nomad

510804113Analyzed
3v3 RM · 12h ago on Oct 2, 2026· 31m 16s· 6 players
Game mode
Random Map
Map size
210×210
Population
200
Speed
Normal
Resources
Standard
Victory
Conquest
Starting age
Dark Age
Ending age
Imperial Age
RankedLock teamsTeams togetherTeam positionsShared explorationLock speedFull tech treeHidden civsTurbo modeCheats
Victory
Defeat
🇵🇪 Persians · Peru
851
+14
🇨🇿 Celts · Czechia
755
+18
🇪🇸 Varangians · Spain
739
+19
🇫🇮 Bengalis · Finland
810
-17
🇯🇴 Chinese · Jordan
805
-29
🇭🇺 Burmese · Hungary
803
-17
FahRenheiTTT
10:30 Loom
14:37 Feudal Age
23:32 Castle Age
23:16 Horse Collar
29:06 Stone Mining
29:25 Gold Mining
31:08 Heavy Plow
jucca187
20:44 Loom
28:35 Feudal Age
Pendragon946927
14:49 Feudal Age
16:07 Wheelbarrow
15:19 Town Watch
15:29 Horse Collar
15:39 Double-Bit Axe
15:42 Fishing Lines
21:54 Town Watch
21:32 Man-at-Arms
21:58 Arson
EjmyGrey
9:44 Loom
14:00 Feudal Age
15:05 Double-Bit Axe
23:58 Castle Age
21:44 Horse Collar
23:44 Gold Mining
25:32 Wheelbarrow
25:09 Bow Saw
25:29 Fletching
26:06 Man-at-Arms
31:25 Murder Holes
Surfacegen
7:53 Loom
15:32 Feudal Age
18:08 Double-Bit Axe
18:09 Horse Collar
20:45 Castle Age
25:31 Husbandry
26:11 Fletching
26:22 Padded Archer Armor
27:22 Ballistics
29:02 Bow Saw
29:13 Treadmill Crane
29:28 Murder Holes
30:23 Town Watch
31:13 Wheelbarrow
Sway-lo
3:32 Loom
14:11 Feudal Age
15:13 Horse Collar
17:06 Wheelbarrow
17:18 Double-Bit Axe
18:15 Town Watch
23:13 Gold Mining
23:13 Stone Mining
26:09 Castle Age
27:00 Hand Cart
26:45 Town Patrol
27:22 Bow Saw
27:14 Heavy Plow
30:13 Scale Barding Armor
30:09 Scale Mail Armor
30:19 Forging
Connection lost

Rejoining the realm…

Still unreachable

The connection could not be restored.

Session expired

The server has moved on; the page needs a fresh start.